 Dungeon Crawl Stone Soup version 0.30-a0-371-gad7725a93e (webtiles) character file.

Game seed: 13220185456740347530

249 kiwi3s the Magician (level 5, -1/28 HPs)
             Began as a Deep Elf Venom Mage on Nov 21, 2022.
             Was an Initiate of Sif Muna.
             Slain by Duvessa
             ... wielding a +0 short sword
              (6 damage)
             ... on level 4 of the Dungeon.
             The game lasted 00:19:50 (3064 turns).

kiwi3s the Magician (Deep Elf Venom Mage)           Turns: 3064, Time: 00:19:53

Health: -1/28      AC:  6    Str:  5    XL:     5   Next: 87%
Magic:  10/16      EV: 12    Int: 22    God:    Sif Muna [......]
Gold:   142        SH:  5    Dex: 15    Spells: 14/17 levels left

rFire   . . .      SeeInvis .    m - +2 war axe (freeze)
rCold   . . .      Faith    .    k - orb {*channel}
rNeg    . . .      Spirit   .    a - +0 robe
rPois   .          Reflect  +    d - +2 helmet
rElec   .          Harm     .    (no cloak)
rCorr   .          Rampage  .    (no gloves)
Will    .....                    j - +0 pair of boots
Stlth   ++........               e - amulet of reflection
HPRegen 0.24/turn                (no ring)
MPRegen 0.15/turn                (no ring)

@: no status effects
A: no striking features
a: Renounce Religion


You were on level 4 of the Dungeon.
You worshipped Sif Muna.
Sif Muna was noncommittal.
You visited 1 branch of the dungeon, and saw 4 of its levels.

You collected 214 gold pieces.
You spent 72 gold pieces at shops.

Inventory:

Hand Weapons
 m - a +2 war axe of freezing (weapon)
Armour
 a - a +0 robe (worn)
 d - a +2 helmet (worn)
 j - a +0 pair of boots (worn)
 k - an orb of energy (worn)
Jewellery
 e - an amulet of reflection (around neck)
Scrolls
 c - 2 scrolls of brand weapon {unknown}
 f - a scroll of noise {unknown}
 h - a scroll of amnesia {unknown}
 l - 3 scrolls of identify
 n - a scroll of vulnerability {unknown}
 o - a scroll of magic mapping {unknown}
 p - 2 scrolls of teleportation {unknown}
 t - 3 scrolls of torment
 u - a scroll of fear {unknown}
 v - a scroll of blinking {unknown}
Potions
 g - 2 potions of lignification
 i - a potion of might {unknown}
 q - 2 potions of curing
 r - a potion of attraction {unknown}
 s - 2 potions of mutation {unknown}


   Skills:
 - Level 2.4 Dodging
 - Level 2.4 Stealth
 - Level 6.8 Spellcasting
 - Level 1.1 Transmutations
 + Level 5.1 Poison Magic


You had 14 spell levels left.
You knew the following spells:

 Your Spells              Type           Power      Damage    Failure   Level
a - Sting                 Tmut/Pois      84%        1d7       2%          1
b - Poisonous Vapours     Pois/Air       36%        N/A       4%          2

Your spell library contained the following spells:

 Spells                   Type           Power      Damage    Failure   Level
 Olgreb's Toxic Radiance  Pois           30%        N/A       10%         4
 Mephitic Cloud           Conj/Pois/Air  15%        N/A       12%         3
 Ozocubu's Armour         Ice            7%         N/A       26%         3
 Ozocubu's Refrigeration  Ice            3%         4d8       100%        7


Dungeon Overview and Level Annotations

Branches:
Dungeon (4/15)
 Temple: D:4-7

Altars:
Cheibriados
Elyvilon
Kikubaaqudgha
Sif Muna
Vehumet
Xom

Shops:
D:1 :   D:2 =!

Annotations:
D:3 2 transporters, GiantSquids's ghost, amateur GrBe
D:4 Duvessa; Robin


Message History

A puff of flame appears from out of thin air!
The puff of flame misses you. Sif Muna accepts your kill.
Reactivating autopickup.
You feel a bit more experienced.
Your Poison Magic skill increases to level 5!
Items here: )))) †.
Aiming: Sting (safe; 2% risk of failure)
Press: ? - help, Q - select action, (/) - cycle Shift-Dir - straight line, f - hobgoblin
Aim: a hobgoblin (strong, 76% to hit)
The sting hits the hobgoblin.
The hobgoblin is poisoned.
The hobgoblin is almost dead.
The goblin no longer looks unusually strong.
The hobgoblin attacks as you move away! The hobgoblin hits you.
You kill the hobgoblin!
Sif Muna accepts your kill.
Aiming: Sting (safe; 2% risk of failure)
Press: ? - help, Q - select action, (/) - cycle Shift-Dir - straight line, f - Duvessa
Aim: Duvessa, wielding a +0 short sword and wearing a +0 ring mail (82% to hit)
The sting hits Duvessa but does no damage.
Duvessa is poisoned.
Aiming: Sting (safe; 2% risk of failure)
Press: ? - help, Q - select action, (/) - cycle Shift-Dir - straight line, f/p - Duvessa
Aim: Duvessa, wielding a +0 short sword and wearing a +0 ring mail (lightly wounded, poisoned, 82% to hit)
The sting hits Duvessa but does no damage.
Duvessa looks even sicker.
Duvessa is lightly wounded.
Duvessa gestures with her weapon.
Duvessa misses you.
Things that are here:
a +0 short sword; an orc corpse Duvessa attacks as you move away!
Duvessa hits you with a +0 short sword. Duvessa attacks as you move away!
Duvessa hits you with a +0 short sword.
* * * LOW HITPOINT WARNING * * *
Aiming: Poisonous Vapours (safe; 4% risk of failure)
Press: ? - help, Q - select action, (/) - cycle Dir - move target, f/p - Duvessa
Aim: Duvessa, wielding a +0 short sword and wearing a +0 ring mail (lightly wounded, very poisoned) Poisonous vapours surround Duvessa!
Duvessa looks even sicker.
Duvessa hits you with a +0 short sword.
You die...

#.Sg#######
#..g.o).).#
#.#
.S.g#####g#
#.# . #.##
#.# #..## #.#
##{.# #^#
##.#####
#.#####
#.{oe.####
#.##...
#####@.).###
#.##...
####)(.###
#.##...
###...#
#.#....
###.###.#....
#.....#....
####..#....
#........
#........
#........


You could see Duvessa (very poisoned) and an orc.

Vanquished Creatures
  A jelly (D:4)
  2 orc wizards (D:4)
  4 gnolls (D:2)
  4 adders
  2 worms (D:2)
  3 dart slugs
  6 orcs (D:4)
  8 bats
  7 endoplasms
  3 giant cockroaches
  11 goblins
  5 hobgoblins
  2 quokkas
  4 ball pythons
  7 frilled lizards
  7 kobolds
  5 rats
81 creatures vanquished.

Notes
Turn   | Place    | Note
-------+----------+-------------------------------------------
     0 | D:1      | kiwi3s the Deep Elf Venom Mage began the quest for the Orb.
     0 | D:1      | Reached XP level 1. HP: 10/10 MP: 6/6
     5 | D:1      | Noticed a merfolk
     7 | D:1      | Noticed a demonspawn
     7 | D:1      | Noticed a vampire
     9 | D:1      | Noticed an elf
     9 | D:1      | Noticed a meteoran
    11 | D:1      | Noticed an armataur
    11 | D:1      | Noticed a demigod
    13 | D:1      | Noticed a vine stalker
    13 | D:1      | Noticed a felid
    15 | D:1      | Noticed a formicid
    15 | D:1      | Noticed a troll
    17 | D:1      | Noticed a spriggan
    17 | D:1      | Noticed a ghoul
    19 | D:1      | Noticed an octopode
    25 | D:1      | Noticed a naga
    27 | D:1      | Noticed a draconian
    27 | D:1      | Noticed an ogre
    29 | D:1      | Noticed a gargoyle
    29 | D:1      | Noticed a human
    31 | D:1      | Noticed a minotaur
    33 | D:1      | Noticed a gargoyle
    33 | D:1      | Noticed a formicid
   199 | D:1      | Reached skill level 4 in Spellcasting
   199 | D:1      | Reached XP level 2. HP: 15/15 MP: 6/9
   236 | D:1      | Found Qadipuebu's Vocational Training.
   237 | D:1      | Found a faded altar of an unknown god.
   780 | D:2      | Reached XP level 3. HP: 17/19 MP: 6/11
   874 | D:2      | Reached skill level 5 in Spellcasting
  1119 | D:2      | Found Taassap's Distillery.
  1135 | D:2      | Bought a potion of lignification for 36 gold pieces
  1135 | D:2      | Bought a potion of curing for 36 gold pieces
  1271 | D:2      | Found Fidd's Jewellery Shoppe.
  1286 | D:2      | Reached skill level 6 in Spellcasting
  1286 | D:2      | Reached XP level 4. HP: 24/24 MP: 10/14
  1383 | D:2      | Learned a level 2 spell: Poisonous Vapours
  2044 | D:3      | Found a transporter.
  2053 | D:3      | Found a transporter.
  2057 | D:3      | Noticed GiantSquids's ghost (amateur GrBe)
  2103 | D:3      | Reached XP level 5. HP: 20/28 MP: 13/16
  2418 | D:3      | Found a radiant altar of Vehumet.
  2418 | D:3      | Found a shimmering blue altar of Sif Muna.
  2418 | D:3      | Found a shimmering altar of Xom.
  2418 | D:3      | Found a snail-covered altar of Cheibriados.
  2433 | D:3      | Found a white marble altar of Elyvilon.
  2433 | D:3      | Found an ancient bone altar of Kikubaaqudgha.
  2461 | D:3      | Became a worshipper of Sif Muna the Loreminder
  3034 | D:4      | Noticed Robin
  3038 | D:4      | Noticed Duvessa
  3052 | D:4      | Reached skill level 5 in Poison Magic
  3064 | D:4      | Slain by Duvessa

Illustrated notes

Levels and vault maps discovered:
D:1:      kb_arrival_jail, layout_rooms, basic_ecumenical_altar,
          hangedman_abyss_or_decor_lesser_grid, nicolae_shop_vocational
D:2:      layout_basic, serial_shops, shop_statue,
          nicolae_shop_advertising_works [nicolae_subvault_shop_adworks]
D:3:      layout_loops_corners, minmay_overflow_temple_hex,
          gammafunk_ghost_stat_death
D:4:      layout_basic, uniq_robin, uniq_duvessa

Skill      XL: |  1  2  3  4  5 |
---------------+----------------+-----
Spellcasting   | 4 6 |  6.8
Poison Magic   | 5 |  5.1
Dodging        | |  2.4
Stealth        | |  2.4
Transmutations | |  1.1

Action                   |  1- 3 |  4- 6 || total
-------------------------+-------+-------++-------
Melee: Unarmed           |    22 |       ||    22
       War axe           |    11 |    17 ||    28
 Cast: Sting             |    66 |    80 ||   146
       Poisonous Vapours |       |     1 ||     1
  Use: Potion            |       |     2 ||     2
       Scroll            |       |     1 ||     1
Armor: Robe              |    13 |    14 ||    27
Dodge: Dodged            |    51 |    30 ||    81
Block: Orb               |     2 |    17 ||    19

Table legend: (Time is in decaauts)
 A = Elapsed time spent in this place.
 B = Non-inter-level travel time spent in this place.
 C = Inter-level travel time spent in this place.
 D = Time resting spent in this place.
 E = Time spent auto-exploring this place.
 F = Levels seen in this place.
 G = Mean time per level.
                   A        B        C        D        E       F      G
               +--------+--------+--------+--------+--------+-----+--------+
         Total |   3076 |   3025 |     51 |     26 |   2289 |   4 |  769.0 |
       Dungeon |   3076 |   3025 |     51 |     26 |   2289 |   4 |  769.0 |
               +--------+--------+--------+--------+--------+-----+--------+

Top non-repeatable levels by time:
     D:3: 1022 daAuts
     D:2: 1005 daAuts
     D:1: 706 daAuts
     D:4: 342 daAuts
